 Dungeon Crawl Stone Soup version 0.28.0 (webtiles) character file.

Game seed: 8571859055587930855

378 Hasart the Slasher (level 6, -1/51 HPs)
             Began as a Demigod Fighter on Feb 13, 2022.
             Slain by an iguana (3 damage)
             ... on level 3 of the Dungeon.
             The game lasted 00:04:29 (3892 turns).

Hasart the Slasher (Demigod Fighter)                Turns: 3892, Time: 00:04:30

Health: -1/51      AC:  9    Str: 17    XL:     6   Next: 20%
Magic:  8/8        EV:  7    Int: 10    God:
Gold:   170        SH:  6    Dex: 21    Spells: 5/5 levels left

rFire   . . .      SeeInvis .   a - +0 long sword
rCold   . . .      Faith    .   c - +0 buckler
rNeg    . . .      Spirit   .   o - +0 chain mail
rPois   .          Reflect  .   (no helmet)
rElec   .          Harm     .   (no cloak)
rCorr   +          Rampage  .   (no gloves)
Will    .....                   (no boots)
Stlth   ..........              (no amulet)
HPRegen 0.17/turn               m - ring of resist corrosion
MPRegen 0.11/turn               (no ring)

@: no status effects
A: high MP 1, forlorn, divine attributes
a: no special abilities


You were on level 3 of the Dungeon.
You visited 1 branch of the dungeon, and saw 4 of its levels.

You collected 170 gold pieces.

Inventory:

Hand Weapons
 a - a +0 long sword (weapon)
Armour
 c - a +0 buckler (worn)
 o - a +0 chain mail (worn)
Jewellery
 m - a ring of resist corrosion (left hand)
Wands
 k - a wand of acid (6)
Scrolls
 e - a scroll of enchant armour {unknown}
 f - 4 scrolls of teleportation {unknown}
 h - a scroll of enchant weapon {unknown}
 i - 2 scrolls of identify {unknown}
 l - a scroll of magic mapping {unknown}
Potions
 d - a potion of might
 g - 3 potions of attraction {unknown}
 j - a potion of ambrosia {unknown}
 n - 2 potions of haste {unknown}


   Skills:
 + Level 3.6 Fighting
 * Level 3.8 Long Blades
 + Level 3.5 Armour
 + Level 2.0 Dodging
 + Level 3.6 Shields
 + Level 0.7 Evocations


You had 5 spell levels left.
You didn't know any spells.
Your spell library contained the following spells:

 Spells                   Type           Power      Damage    Failure   Level
 Foxfire                  Conj/Fire      0%         2x1d4     100%        1
 Sublimation of Blood     Necr           0%         N/A       100%        2
 Wereblood                Tmut           0%         N/A       100%        2
 Dazzling Flash           Conj/Hex       0%         N/A       100%        3
 Iskenderun's Mystic Bla  Conj/Tloc      0%         2d3       100%        4
 Starburst                Conj/Fire      0%         6d3       100%        6
 Summon Hydra             Summ           0%         N/A       100%        7


Dungeon Overview and Level Annotations

Branches:
Dungeon (4/15)
 Temple: D:4-7


Innate Abilities, Weirdness & Mutations

You have an increased reservoir of magic. (+10% MP)
You shall have no god before yourself.
Your divine heritage dramatically boosts your attributes as you level up.


Message History

Your Dodging skill increases to level 2!
The iguana hisses menacingly.
There is an open door here.
There is a stone staircase leading up here.
The iguana bites you.
You climb upwards.
There is a stone staircase leading down here.
You hit the iguana.
The iguana is lightly wounded.
You block the iguana's attack.
You closely miss the iguana.
The iguana is lightly wounded.
The iguana bites you!
* * * LOW HITPOINT WARNING * * *
You hit the iguana.
The iguana is moderately wounded.
The iguana barely misses you.
You hit the iguana.
The iguana is heavily wounded.
The iguana barely misses you.
The iguana bites you but does no damage.
You slash the iguana!
The iguana is almost dead.
The iguana bites you but does no damage.
You hit the iguana but do no damage.
The iguana is almost dead.
The iguana bites you.
* * * LOW HITPOINT WARNING * * *
You closely miss the iguana.
The iguana is almost dead.
The iguana bites you but does no damage.
You closely miss the iguana.
The iguana is almost dead.
The iguana bites you.
* * * LOW HITPOINT WARNING * * *
The iguana bites you but does no damage.
You closely miss the iguana.
The iguana is almost dead.
The iguana bites you.
You die...

#.#.....# #.#.# #.##.#
........###.#.# #.##.#
............#.#### #.##.#
#.#.#............# #.##.#
.....<..##..#.##.# #.##.#
#.#.#...##..#.##.# #.##.#
........##.......###.##.###
#.#.#.......(..l..........#
..............##@###.##.###
....#.......#>##.###.##.###
..#.#.....................#
..#.##............##.##..##
..................##.##..#
..#.##...#........##.##..#
....##...#..#.###.##.....#
....)....#..#.# #.#####.##
..####...#..#.# #.# #.#


You could see an iguana.

Vanquished Creatures
  An ogre (D:4)
  A scorpion (D:4)
  A jelly (D:2)
  A centaur skeleton (D:4)
  7 gnolls
  3 adders
  An adder skeleton (D:2)
  A worm (D:2)
  A dart slug (D:2)
  6 orcs (D:3)
  2 ball pythons
  6 bats
  4 endoplasms
  A giant cockroach (D:3)
  6 hobgoblins
  3 jackals (D:3)
  6 kobolds
  2 quokkas (D:2)
  3 ball python zombies (D:2)
  4 frilled lizards
  5 goblins
  A jackal zombie (D:2)
  6 rats
72 creatures vanquished.

Vanquished Creatures (others)
  A withered plant (D:2)
1 creature vanquished.

Grand Total: 73 creatures vanquished

Notes
Turn   | Place    | Note
-------+----------+-------------------------------------------
     0 | D:1      | Hasart the Demigod Fighter began the quest for the Orb.
     0 | D:1      | Reached XP level 1. HP: 18/18 MP: 3/3
   346 | D:1      | Reached XP level 2. HP: 23/25 MP: 4/4
   753 | D:1      | Got Plato's Handbook of Heat
  1066 | D:2      | Reached XP level 3. HP: 16/30 MP: 5/5
  1349 | D:2      | Reached skill level 1 in Dodging
  1671 | D:2      | Reached XP level 4. HP: 27/38 MP: 6/6
  2539 | D:3      | Reached XP level 5. HP: 26/45 MP: 7/7
  3843 | D:4      | Noticed an ogre
  3858 | D:4      | Killed an ogre
  3859 | D:4      | Reached XP level 6. HP: 30/51 MP: 8/8
  3891 | D:3      | HP: 2/51 [iguana (6)]
  3892 | D:3      | Slain by an iguana

Illustrated notes

Levels and vault maps discovered:
D:1:      mainiacjoe_arrival_reflecting_pool, layout_loops_corners,
          shapermc_ecumenical_altar_rom_forum
D:2:      layout_basic, serial_undead, serial_undead_d, serial_undead_f,
          serial_undead_d, serial_undead_f, grunt_ministairs_13,
          chequers_serial_rivers_room_a
D:3:      layout_basic
D:4:      layout_gridville, okawaru_trees_2, nicolae_tso_carved_into_rock,
          portal_sewer_entry_c, minmay_increasing_density, uniq_duvessa

Skill      XL: |  1  2  3  4  5  6 |
---------------+-------------------+-----
Long Blades    | 2 3 |  3.8
Fighting       | 3 |  3.6
Armour         | 3 |  3.5
Dodging        | 1 2 |  2.0
Shields        | 3 |  3.6
Evocations     | |  0.7

Action                   |  1- 3 |  4- 6 || total
-------------------------+-------+-------++-------
Melee: Long sword        |    94 |   160 ||   254
Evoke: Wand              |       |     3 ||     3
Armor: Scale mail        |    37 |    50 ||    87
       Chain mail        |       |     8 ||     8
Dodge: Dodged            |    50 |    72 ||   122
Block: Buckler           |    26 |    42 ||    68
